 Dungeon Crawl Stone Soup version 0.18-a0-628-gc02dfad (webtiles) character file.

16 M4edhros the Charlatan (level 2, 0/18 HPs)
             Began as an Octopode Artificer on Dec 4, 2015.
             Succumbed to an adder's poison
             ... on level 2 of the Dungeon.
             The game lasted 00:00:24 (356 turns).

M4edhros the Charlatan (Octopode Artificer)          Turns: 356, Time: 00:00:24

Health: 0/18       AC:  3    Str: 10    XL:     2   Next: 54%
Magic:  4/4        EV: 12    Int: 14    God:
Gold:   24         SH:  2    Dex: 12    Spells: 0 memorised, 1 level left

rFire  . . .     SeeInvis .     a - +0 short sword
rCold  . . .     Rnd*Rage +     (no shield)
rNeg   . . .     SustAt   .     (helmet restricted)
rPois  .         Gourm    .     (no amulet)
rElec  .         Spirit   .     (no ring)
rCorr  .         Dismiss  .     (no ring)
rMut   .         Stasis   .     (no ring)
MR     .....                    (no ring)
Stlth  +++.......               (no ring)
                                (no ring)
                                (no ring)
                                (no ring)

@: lethally poisoned (0 -> -3), not resistant to hostile enchantments, fairly
stealthy
A: almost no armour, amphibious, 8 rings, constrict 8, large bone plates 1,
camouflage 1, berserk 1, blurry vision 1, gelatinous body 1
a: no special abilities


You were on level 2 of the Dungeon.
You were not hungry.

You visited 1 branch of the dungeon, and saw 2 of its levels.

You collected 24 gold pieces.

Inventory:

Hand Weapons
 a - a +0 short sword (weapon)
Wands
 b - a wand of flame (15)
 c - a wand of enslavement (14)
 d - a wand of random effects (15)
Scrolls
 f - a scroll of fog {unknown}
 h - a scroll of remove curse {unknown}
 i - a scroll of blinking {unknown}
Comestibles
 e - a bread ration


   Skills:
 - Level 1.0 Fighting
 - Level 1.0 Short Blades
 - Level 2.0 Dodging
 + Level 2.7 Stealth
 + Level 3.7 Evocations


You had one spell level left.
You didn't know any spells.

Dungeon Overview and Level Annotations

Branches:
Dungeon (2/15)

Altars:
Dithmenos


Innate Abilities, Weirdness & Mutations

You cannot wear most types of armour.
You are amphibious.
You can wear up to eight rings at the same time.
You can use your tentacles to constrict eight enemies at once.
Your skin changes colour to match your surroundings (Stealth).
Your rubbery body absorbs attacks (AC +1).
You are partially covered in large bone plates (AC +2, SH +2).
You tend to lose your temper in combat.
Scrolls take you a little longer to read.


Message History

You are poisoned.
The adder poisons you!
You hit the adder. Your grab misses the adder.
The adder is moderately wounded.
You feel sick. The adder bites you.
* * * LOW HITPOINT WARNING * * *
You are too injured to fight recklessly!
You are too injured to fight recklessly!
Drink which item? (? for menu, Esc to quit)
It was a potion of mutation.
You feel extremely strange.
You feel a little pissed off.
Your vision blurs.
Large bone plates grow over parts of your tentacles.
The adder bites you.
* * * LOW HITPOINT WARNING * * *
Evoke which item? (* to show all) (? for menu, Esc to quit)
Zapping:
c - a wand of enslavement (15)
Press: ? - help, Shift-Dir - straight line, f - adder
Aim: an adder (moderately wounded, chance to defeat MR: 62%)
The adder is charmed.
This wand has 14 charges left.
You die...

###### #....#
#############....#
#........(........
##.###########....#
#S@...# #....#
#.....# #....#
#.....# ######....#
##+#### #..(......#
#.....§†###
#.....§§#
#######§§§ .§§..
#..§.


You could see a friendly adder.

Vanquished Creatures
  An adder (D:2)
  2 goblins (D:1)
  A bat (D:1)
  A giant newt (D:2)
  A kobold (D:1)
  3 rats (D:1)
9 creatures vanquished.

Notes
Turn   | Place    | Note
--------------------------------------------------------------
     0 | D:1      | M4edhros the Octopode Artificer began the quest for the Orb.
     0 | D:1      | Reached XP level 1. HP: 13/13 MP: 3/3
   326 | D:2      | Reached XP level 2. HP: 13/18 MP: 4/4
   330 | D:2      | Found a shadowy altar of Dithmenos.
   354 | D:2      | Gained mutation: You tend to lose your temper in combat. [potion of mutation]
   354 | D:2      | Gained mutation: Scrolls take you a little longer to read. [potion of mutation]
   354 | D:2      | Gained mutation: You are partially covered in large bone plates (AC +2, SH +2). [potion of mutation]
   356 | D:2      | Succumbed to an adder's poison

Vault maps used:
D:1:      evilmike_arrival_fibonacci_small, nrook_mini_vaults,
          hangedman_decor_riveting
D:2:      grunt_dithmenos_smoke

Action                   || total
-------------------------++-------
Melee: Short sword       ||    15
Evoke: Wand              ||     1
  Use: Potion            ||     1
 Stab: Sleeping          ||     6
